 Dungeon Crawl Stone Soup version 0.30.1-11-g7821555f0a (webtiles) character file.

Game seed: 10836439365132133194

434 Ivernyr the Shield-Bearer (level 7, 0/55 HPs)
             Began as a Formicid Fighter on Oct 17, 2023.
             Slain by an orc
             ... wielding a +0 flail
              (3 damage)
             ... on level 4 of the Dungeon on Oct 29, 2023.
             The game lasted 00:09:01 (3020 turns).

Ivernyr the Shield-Bearer (Formicid Fighter)        Turns: 3020, Time: 00:09:01

Health: 0/55       AC:  9    Str: 22    XL:     7   Next: 20%
Magic:  7/7        EV:  9    Int:  8    God:
Gold:   195        SH:  5    Dex: 13    Spells: 6/6 levels left

rFire   . . .        a - +0 quarterstaff
rCold   . . .        c - +0 buckler
rNeg    . . .        b - +0 scale mail
rPois   .            (helmet unavailable)
rElec   .            m - +0 cloak
rCorr   +            (no gloves)
SInv    +            w - +0 pair of boots
Will    .....        (no amulet) Stlth
                     s - ring of resist corrosion
HPRegen 0.29/turn    (no ring)
MPRegen 0.10/turn

%: no passive effects
@: no status effects
A: permanent stasis, dig shafts and tunnels, antennae 3, four strong arms
a: Dig, Shaft Self


You were on level 4 of the Dungeon.
You visited 1 branch of the dungeon, and saw 4 of its levels.

You collected 195 gold pieces.

Inventory:

Hand Weapons
 a - a +0 quarterstaff (weapon)
Missiles
 g - 2 throwing nets
Armour
 b - a +0 scale mail (worn)
 c - a +0 buckler (worn)
 m - a +0 cloak (worn)
 w - a +0 pair of boots (worn)
Jewellery
 s - a ring of resist corrosion (left hand)
 v - a ring of poison resistance
Wands
 t - a wand of mindburst (14)
Scrolls
 e - 2 scrolls of vulnerability {unknown}
 h - a scroll of immolation {unknown}
 i - 6 scrolls of identify {unknown}
 k - a scroll of poison {unknown}
 n - a scroll of enchant armour {unknown}
 p - a scroll of noise {unknown}
 q - a scroll of silence {unknown}
 r - a scroll of fog {unknown}
 u - 2 scrolls of fear {unknown}
Potions
 d - a potion of might
 f - a potion of lignification {unknown}
 j - a potion of attraction {unknown}
 l - 2 potions of brilliance {unknown}
 o - 2 potions of flight {unknown}


   Skills:
 + Level 4.7 Fighting
 * Level 4.8 Staves
 + Level 4.6 Armour
 + Level 5.7 Shields


You had 6 spell levels left.
You didn't know any spells.
Your spell library contained the following spells:

 Spells                   Type           Power      Damage    Failure   Level
 Necrotise                Necr           0%         1d4       78%         1
 Vampiric Draining        Necr           0%         2d6       98%         3
 Volatile Blastmotes      Fire/Tloc      0%         2d10      98%         3
 Fulminant Prism          Conj/Hex       0%         3d5       100%        4
 Iskenderun's Mystic Bla  Conj/Tloc      0%         2d3       100%        4
 Agony                    Necr           0%         N/A       100%        5
 Lee's Rapid Deconstruct  Erth           0%         3d4*      100%        5


Dungeon Overview and Level Annotations

Branches:
Dungeon (4/15)
 Temple: D:4-7

Altars:
Yredelemnul

Shops:
D:2 [   D:3 ?


Innate Abilities, Weirdness & Mutations

You cannot be hasted, slowed, berserked, paralysed or teleported.
You can dig through walls and to a lower floor.
You have a pair of large antennae on your head. (SInv)
Your four strong arms can wield two-handed weapons with a shield.


Message History

You barely miss the gnoll.
The gnoll is moderately wounded.
The gnoll hits you from afar with a +0 spear.
The gnoll hits you but does no damage. You block the gnoll's attack.
You sock the gnoll!
You kill the gnoll!
The gnoll hits you from afar with a +0 spear.
* * * LOW HITPOINT WARNING * * *
You closely miss the orc. The orc hits you but does no damage.
The gnoll misses you.
You hit the orc.
The orc is moderately wounded.
The orc closely misses you. The gnoll hits you but does no damage.
You closely miss the orc.
The orc is moderately wounded.
The gnoll is no longer moving quickly.
You block the orc's attack.
The gnoll hits you from afar with a +0 spear.
* * * LOW HITPOINT WARNING * * *
The orc closely misses you.
You barely miss the orc.
The orc is moderately wounded.
The orc hits you with a +0 flail.
* * * LOW HITPOINT WARNING * * *
You hit the orc.
The orc is heavily wounded.
The orc closely misses you. The orc attacks as you move away!
The orc hits you but does no damage. The orc attacks as you move away!
You block the orc's attack. The orc attacks as you move away!
The orc barely misses you. The orc attacks as you move away!
The orc hits you but does no damage. The orc attacks as you move away!
The orc hits you with a +0 flail.
* * * LOW HITPOINT WARNING * * *
The orc hits you with a +0 flail.
* * * LOW HITPOINT WARNING * * *
The orc attacks as you move away! The orc hits you but does no damage.
The orc attacks as you move away! You block the orc's attack.
The orc attacks as you move away! The orc hits you with a +0 flail.
* * * LOW HITPOINT WARNING * * *
The orc attacks as you move away! The orc hits you with a +0 flail.
You die...

.. #.....#...###...#.
#.. #....#....#.###.#
###.####...#.....#...##
......####g#....#....#
##........###...#.....
#.#.......g..#####.#....
#...#.#.#g##.....####...
........o...####....####
.....#@.......####.....
### #....###....##....
#<.#.# ####.......
#..#.# ######## #..#.#
####.# ..# ###


You could see 3 gnolls and an orc.

Vanquished Creatures
  Grinder (D:3)
  A hound (D:3)
  A gnoll bouda (D:4)
  Natasha (twice) (D:3 D:2)
  Robin (D:3)
  2 adders (D:2)
  2 gnolls (D:4)
  3 worms
  A dart slug (D:1)
  An orc (D:3)
  6 endoplasms
  4 giant cockroaches
  15 goblins
  6 hobgoblins
  7 jackals
  5 kobolds
  5 quokkas
  3 ball pythons
  A bat (D:2)
  6 frilled lizards
  3 rats
76 creatures vanquished.

Notes
Turn   | Place    | Note
-------+----------+-------------------------------------------
     0 | D:1      | Ivernyr the Formicid Fighter began the quest for the Orb.
     0 | D:1      | Reached XP level 1. HP: 18/18 MP: 1/1
     0 | D:1      | Upgraded the game from 0.30.1-9-gdf580d7c3d to
                  | 0.30.1-11-g7821555f0a
   129 | D:1      | Reached XP level 2. HP: 23/24 MP: 2/2
   634 | D:1      | Reached XP level 3. HP: 25/29 MP: 3/3
  1076 | D:2      | Found Nupeles's Antique Armour Boutique.
  1436 | D:2      | Reached XP level 4. HP: 37/37 MP: 4/4
  1588 | D:2      | Found a basalt altar of Yredelemnul.
  1963 | D:3      | Noticed Natasha
  1963 | D:3      | Found Ficleire's Magic Scroll Emporium.
  1966 | D:3      | Killed Natasha
  2034 | D:3      | Noticed Natasha
  2040 | D:3      | Noticed Robin
  2059 | D:2      | Killed Natasha
  2060 | D:2      | Reached XP level 5. HP: 16/42 MP: 5/5
  2266 | D:3      | Killed Robin
  2312 | D:3      | Noticed Grinder
  2338 | D:3      | Killed Grinder
  2339 | D:3      | Reached skill level 5 in Shields
  2339 | D:3      | Reached XP level 6. HP: 49/49 MP: 6/6
  2369 | D:3      | Reached XP level 7. HP: 47/55 MP: 7/7
  2467 | D:3      | Identified the staff of conjuration "Giba" {Contam Will++
                  | Int+2}
  2669 | D:3      | Found a faded altar of an unknown god.
  3020 | D:4      | Slain by an orc

Illustrated notes

Levels and vault maps discovered:
D:1:      erik_arrival_triangle_medium, layout_basic
D:2:      layout_basic, serial_shops, shop_fountains, basic_altar
D:3:      wad_river_or_something, layout_rooms, serial_shops, shop,
          basic_ecumenical_altar, uniq_robin, uniq_grinder, uniq_natasha
D:4:      nicolae_BIG_FREAKIN_CUBE, layout_basic, uniq_crazy_yiuf_cottage,
          uniq_edmund, uniq_ijyb

Skill      XL: |  1  2  3  4  5 |
---------------+----------------+-----
Staves         | 3 4 |  4.8
Fighting       | 4 |  4.7
Armour         | 4 |  4.6
Shields        | 5 |  5.7

Action                     |  1- 3 |  4- 6 |  7- 9 || total
---------------------------+-------+-------+-------++-------
  Melee: Quarterstaff      |    92 |    84 |    63 ||   239
 Armour: Scale mail        |    34 |    62 |    31 ||   127
  Dodge: Dodged            |    37 |    56 |    34 ||   127
  Block: Buckler           |    18 |    26 |    22 ||    66
